 Dungeon Crawl Stone Soup version 0.30-a0-223-gcb0039aa0c (webtiles) character file.

Game seed: 11757662841815635704

1302 qw the Cleaver (level 8, -12/51 HPs)
             Began as a Gargoyle Fighter on Oct 9, 2022.
             Killed from afar by a gargoyle (19 damage)
             ... with a stone arrow
             ... on level 5 of the Dungeon.
             The game lasted 00:01:42 (4535 turns).

qw the Cleaver (Gargoyle Fighter)                   Turns: 4535, Time: 00:01:42

Health: -12/51     AC: 20    Str: 22    XL:     8   Next: 57%
Magic:  8/8        EV:  7    Int:  9    God:
Gold:   1297       SH:  4    Dex:  9    Spells: 7/7 levels left

rFire   + . .      SeeInvis .    Y - +0 war axe
rCold   . . .      Faith    .    c - +0 buckler
rNeg    + . .      Spirit   .    m - +0 chain mail
rPois   inf        Reflect  .    k - +0 helmet
rElec   +          Harm     .    o - +2 cloak
rCorr   .          Rampage  .    (no gloves)
Will    .....                    i - +0 pair of boots
Stlth   ..........               (no amulet)
HPRegen 0.28/turn                p - ring of protection from fire
MPRegen 0.11/turn                (no ring)

@: no status effects
A: sickness immunity, AC +5, negative energy resistance 1, electricity
resistance, torment resistance 1, petrification resistance
a: no special abilities


You were on level 5 of the Dungeon.
You visited 1 branch of the dungeon, and saw 6 of its levels.

You collected 1297 gold pieces.


Innate Abilities, Weirdness & Mutations

You are immune to sickness and miasma.
Your stone body is resilient. (AC +5)
You are immune to poison.
You resist negative energy. (rN+)
You are resistant to electric shocks. (rElec)
You are resistant to unholy torment.
You are immune to petrification.


   Skills:
 - Level 6.0 Fighting
 + Level 8.0 Axes
 - Level 4.2 Armour
 - Level 1.0 Dodging
 - Level 3.2 Shields


You had 7 spell levels left.
You didn't know any spells.
Your spell library was empty.

Inventory:

Hand Weapons
 e - a +0 flail
 Y - a +0 war axe (weapon)
Armour
 c - a +0 buckler (worn)
 i - a +0 pair of boots (worn)
 k - a +0 helmet (worn)
 m - a +0 chain mail (worn)
 o - a +2 cloak (worn)
Jewellery
 p - a ring of protection from fire (left hand)
Scrolls
 a - a scroll of identify
Potions
 d - 4 potions of might
 f - a potion of curing
 g - a potion of mutation
 h - a potion of berserk rage {unknown}
 j - a potion of cancellation {unknown}
 l - a potion of haste

Dungeon Overview and Level Annotations

Branches:
Dungeon (6/15)
 Temple: D:4-7

Altars:


Message History

The gargoyle hits you but does no damage.
You hit the gargoyle but do no damage.
The gargoyle is heavily damaged.
The gargoyle hits you with a +0 mace.
You hit the gargoyle but do no damage.
The gargoyle is moderately damaged.
The gargoyle hits you but does no damage.
You hit the gargoyle but do no damage.
The gargoyle is moderately damaged.
The gargoyle hurls a stone arrow at you.
The stone arrow misses you.
The gargoyle hurls a stone arrow at you.
The stone arrow hits you.
You hit the gargoyle but do no damage.
The gargoyle is moderately damaged.
The gargoyle hurls a stone arrow at you.
You block the stone arrow.
You slash the gargoyle!
The gargoyle is almost destroyed.
The gargoyle hurls a stone arrow at you.
You block the stone arrow.
You barely miss the gargoyle.
The gargoyle is almost destroyed.
The gargoyle hurls a stone arrow at you.
The stone arrow hits you.
An ufetubus comes into view.
4532 ||| STAIRDANCE The ufetubus shouts!
The gargoyle hits you but does no damage.
You climb upwards.
There is a stone staircase leading down here.
You hit the gargoyle but do no damage.
The gargoyle is almost destroyed.
The gargoyle hurls a stone arrow at you.
The stone arrow hits you!!
You hit the gargoyle.
The gargoyle is almost destroyed.
The gargoyle hurls a stone arrow at you.
The stone arrow hits you!!
You die... #######...## ......%....### #######.....<# #...##.# ######.# ### 7 77 7777 .77 779@7

..7 7777..77
.77
7777...777
7.77
77...7777
77.7777.7777
7..77...7
77.)..777
777.77


77777 7.777 77...77 You could see a gargoyle.

Vanquished Creatures
  Grinder (D:5)
  A steam dragon (D:4)
  A black bear (D:4)
  3 ogres
  2 centaurs
  2 jellies (D:6)
  3 hounds
  An orc priest (D:5)
  3 iguanas
  Ijyb (D:4)
  A gnoll (D:5)
  8 adders
  2 shadow imps (D:5)
  A white imp (D:5)
  An ufetubus (D:5)
  3 worms
  5 dart slugs
  8 orcs
  3 ball pythons
  2 giant cockroaches
  6 goblins
  8 hobgoblins
  3 jackals (D:2)
  5 quokkas
  6 bats
  2 frilled lizards
  3 kobolds
  3 rats
88 creatures vanquished.

Notes
Turn   | Place    | Note
-------+----------+-------------------------------------------
     0 | D:1      | qw the Gargoyle Fighter began the quest for the Orb.
     0 | D:1      | Reached XP level 1. HP: 14/14 MP: 1/1
     0 | D:1      | 0 ||| qw: Version: 0.2-a-17-g06abaee
     0 | D:1      | 0 ||| qw: Game counter: 2237
     0 | D:1      | 0 ||| qw: Always use a shield: true
     0 | D:1      | 0 ||| qw: God list: Okawaru
     0 | D:1      | 0 ||| qw: Allow faded altars: false
     0 | D:1      | 0 ||| qw: Do Orc after D:15 true
     0 | D:1      | 0 ||| qw: Do second Lair branch before Depths: true
     0 | D:1      | 0 ||| qw: Lair rune preference: random
     0 | D:1      | 0 ||| qw: Plans: Normal, Zot:1-4, God:TSO, Crypt, Tomb,
                  | Pan, Slime:5, Hells, Abyss, Orb
     0 | D:1      | 0 ||| PLANNING D:1-11
    58 | D:1      | 58 ||| Stepping ~*~*~tactically~*~*~ (stealth).
    71 | D:1      | Reached skill level 2 in Axes
    73 | D:1      | Found a faded altar of an unknown god.
   287 | D:1      | Reached XP level 2. HP: 19/19 MP: 2/2
   674 | D:1      | 674 ||| UPGRADING to +0 cloak.
   679 | D:1      | 679 ||| READING scroll labelled XYCOWI SELLIR.
   680 | D:1      | 680 ||| READING scroll labelled MEPAHINISI.
   681 | D:1      | 681 ||| READING scroll labelled MITAFR KANEVI.
   685 | D:1      | 685 ||| READING scroll labelled DOUHATEPHU.
   686 | D:1      | 686 ||| READING scroll labelled PAILIA PULAITRENT.
   687 | D:1      | 687 ||| READING scroll labelled KIRIUKANO.
   821 | D:2      | 821 ||| Stepping ~*~*~tactically~*~*~ (stealth).
   833 | D:2      | Reached skill level 3 in Axes
   865 | D:2      | Reached XP level 3. HP: 6/23 MP: 3/3
  1128 | D:2      | 1128 ||| Stepping ~*~*~tactically~*~*~ (stealth).
  1143 | D:2      | 1143 ||| Stepping ~*~*~tactically~*~*~ (stealth).
  1145 | D:2      | 1145 ||| Stepping ~*~*~tactically~*~*~ (stealth).
  1243 | D:2      | 1243 ||| UPGRADING to +0 pair of boots.
  1425 | D:3      | 1425 ||| FLEEEEING.
  1430 | D:3      | 1430 ||| FLEEEEING.
  1440 | D:3      | 1440 ||| Stepping ~*~*~tactically~*~*~ (hiding).
  1807 | D:3      | Reached XP level 4. HP: 28/28 MP: 4/4
  1873 | D:3      | 1873 ||| Stepping ~*~*~tactically~*~*~ (stealth).
  2139 | D:3      | 2139 ||| READING scroll labelled TUPRE ZEHIECAI.
  2139 | D:3      | Identified a scroll of acquirement
  2139 | D:3      | 2139 ||| ACQUIRING 1014 gold pieces
  2139 | D:3      | Acquired 1014 gold pieces
  2141 | D:3      | 2141 ||| READING 2 scrolls of identify.
  2141 | D:3      | 2141 ||| IDENTIFYING puce potion
  2178 | D:4      | Noticed a steam dragon
  2178 | D:4      | You fall into a shaft and drop 1 floor!
  2178 | D:5      | Entered Level 5 of the Dungeon
  2181 | D:5      | Noticed an ogre
  2182 | D:5      | 2182 ||| Stepping ~*~*~tactically~*~*~ (stealth).
  2188 | D:5      | Reached skill level 4 in Axes
  2190 | D:5      | Noticed an ogre
  2191 | D:5      | 2191 ||| Stepping ~*~*~tactically~*~*~ (stealth).
  2199 | D:5      | HP: 2/28 [orc/+2 hand axe of draining (6)]
  2200 | D:5      | 2200 ||| DRINKING potion of heal wounds.
  2229 | D:5      | HP: 2/28 [ogre/+0 giant club (14)]
  2235 | D:5      | Killed an ogre
  2236 | D:5      | Reached skill level 5 in Axes
  2236 | D:5      | Reached XP level 5. HP: 4/32 MP: 5/5
  2352 | D:5      | 2352 ||| DROPPING +0 club.
  2413 | D:5      | Noticed a centaur
  2419 | D:5      | HP: 4/32 [centaur/arrow (8)]
  2426 | D:5      | HP: 4/32 [centaur (2)]
  2430 | D:5      | Killed a centaur
  2431 | D:5      | Reached XP level 6. HP: 6/39 MP: 6/6
  2596 | D:5      | Reached skill level 1 in Dodging
  2601 | D:5      | 2601 ||| Stepping ~*~*~tactically~*~*~ (hiding).
  2603 | D:5      | Noticed Grinder
  2626 | D:5      | Reached XP level 7. HP: 30/44 MP: 7/7
  2631 | D:5      | Paralysed by Grinder for 2 turns
  2632 | D:5      | HP: 7/44 [Grinder (8)]
  2635 | D:5      | HP: 3/44 [Grinder (2)]
  2641 | D:5      | HP: 4/44 [Grinder/nerve-wracking pain (1)]
  2642 | D:5      | Killed Grinder
  2643 | D:5      | Reached skill level 6 in Axes
  2824 | D:5      | 2824 ||| UPGRADING to +2 cloak.
  2834 | D:5      | 2834 ||| DROPPING +0 cloak.
  2835 | D:5      | 2835 ||| UPGRADING to ring of protection from fire.
  2836 | D:5      | 2836 ||| READING 2 scrolls labelled ZUWUXE RARPHU.
  2837 | D:5      | 2837 ||| READING scroll labelled CYEZXO OMEUR YMOLI.
  2838 | D:5      | 2838 ||| DRINKING 2 white potions.
  2839 | D:5      | 2839 ||| DROPPING potion of magic.
  2840 | D:5      | 2840 ||| DROPPING scroll of vulnerability.
  2860 | D:4      | 2860 ||| Stepping ~*~*~tactically~*~*~ (hiding).
  2872 | D:4      | Killed a steam dragon
  2873 | D:4      | Reached skill level 7 in Axes
  2940 | D:4      | 2940 ||| Stepping ~*~*~tactically~*~*~ (stealth).
  2943 | D:4      | 2943 ||| Stepping ~*~*~tactically~*~*~ (stealth).
  2945 | D:4      | 2945 ||| Stepping ~*~*~tactically~*~*~ (hiding).
  2947 | D:4      | 2947 ||| Stepping ~*~*~tactically~*~*~ (hiding).
  3119 | D:4      | Noticed Ijyb
  3126 | D:4      | Killed Ijyb
  3286 | D:4      | 3286 ||| Stepping ~*~*~tactically~*~*~ (stealth).
  3293 | D:4      | Reached XP level 8. HP: 33/50 MP: 8/8
  3329 | D:4      | 3329 ||| Stepping ~*~*~tactically~*~*~ (stealth).
  3330 | D:4      | 3330 ||| Stepping ~*~*~tactically~*~*~ (stealth).
  3529 | D:4      | 3529 ||| Stepping ~*~*~tactically~*~*~ (stealth).
  3774 | D:4      | 3774 ||| UPGRADING to +0 helmet.
  3779 | D:4      | 3779 ||| READING scroll labelled TIXITO CUBRUUR.
  3780 | D:4      | 3780 ||| DRINKING 2 metallic grey potions.
  3881 | D:4      | 3881 ||| DRINKING 2 smoky orange potions.
  3882 | D:4      | 3882 ||| READING 2 scrolls of identify.
  3882 | D:4      | 3882 ||| IDENTIFYING bubbling sapphire potion
  3883 | D:4      | 3883 ||| DROPPING potion of ambrosia.
  3884 | D:4      | 3884 ||| DROPPING potion of brilliance.
  3915 | D:5      | 3915 ||| DROPPING +0 mace.
  4082 | D:5      | 4082 ||| Stepping ~*~*~tactically~*~*~ (hiding).
  4094 | D:5      | Reached skill level 8 in Axes
  4253 | D:5      | 4253 ||| UPGRADING to +0 chain mail.
  4263 | D:5      | 4263 ||| DROPPING +0 scale mail.
  4264 | D:5      | 4264 ||| READING 3 scrolls of identify.
  4264 | D:5      | 4264 ||| IDENTIFYING golden potion
  4265 | D:5      | 4265 ||| READING 2 scrolls of identify.
  4265 | D:5      | 4265 ||| IDENTIFYING fizzy grey potion
  4324 | D:6      | Reached skill level 6 in Fighting
  4330 | D:6      | Noticed a gargoyle
  4331 | D:6      | 4331 ||| FLEEEEING.
  4332 | D:6      | 4332 ||| FLEEEEING.
  4333 | D:6      | 4333 ||| STAIRDANCE
  4451 | D:6      | 4451 ||| STAIRDANCE
  4532 | D:6      | 4532 ||| STAIRDANCE
  4534 | D:5      | HP: 7/51 [gargoyle/stone arrow (22)]
  4535 | D:5      | Killed from afar by a gargoyle

Levels and vault maps discovered:
D:1:      elethiomel_arrival_maze, layout_loops_ring,
          hellmonk_ecumenical_altar_lost_god
D:2:      layout_basic
D:3:      wad_pebble_path, layout_basic
D:4:      layout_cave_pools, nicolae_eternal_life, uniq_ijyb
D:5:      kb_forest_paths, layout_rooms, uniq_grinder
D:6:      layout_rooms, mainiacjoe_overflow_alcove_1

Skill      XL: |  1  2  3  4  5  6  7  8 |
---------------+-------------------------+-----
Axes           | 2 3 5 7 8 |  8.0
Fighting       | 4 5 6 |  6.0
Dodging        | 1 |  1.0
Armour         | 4 |  4.2
Shields        | |  3.2

Action                   |  1- 3 |  4- 6 |  7- 9 || total
-------------------------+-------+-------+-------++-------
Melee: War axe           |    94 |    87 |   178 ||   359
  Use: Scroll            |     6 |     2 |     6 ||    14
       Potion            |       |     1 |     3 ||     4
Armor: Scale mail        |    47 |    58 |    95 ||   200
       Chain mail        |       |       |    27 ||    27
Dodge: Dodged            |    48 |    48 |    73 ||   169
Block: Buckler           |    14 |    24 |    24 ||    62

Table legend:
 A = Non-vault XP
 B = Vault XP
 C = Vault XP percentage of total XP
 D = Non-vault monster count
 E = Vault monster count
 F = Vault count percentage of total count
                 A         B        C        D         E       F
            +---------+---------+-------+---------+---------+-------
      Total |    1314 |     546 |  29.4 |      80 |       8 |   9.1
            +---------+---------+-------+---------+---------+-------
        D:1 |      14 |       0 |   0.0 |       9 |       0 |   0.0
        D:2 |      56 |       0 |   0.0 |      17 |       0 |   0.0
        D:3 |      27 |       0 |   0.0 |      13 |       0 |   0.0
        D:4 |     550 |      32 |   5.5 |      19 |       1 |   5.0
        D:5 |     433 |     514 |  54.3 |      17 |       7 |  29.2
        D:6 |     234 |       0 |   0.0 |       5 |       0 |   0.0
            +---------+---------+-------+---------+---------+-------
